 Dungeon Crawl Stone Soup version 0.25-a0-571-gb5e01bddfa (webtiles) character file.

Game seed: 13558194257152882337, levelgen mode: deterministic

2320 Gargoyl the Covered (level 9, -7/73 HPs)
             Began as a Centaur Abyssal Knight on Feb 29, 2020.
             Was a Priest of Lugonu.
             Mangled by an orc warrior
             ... wielding a +0 halberd
              (12 damage)
             ... on level 7 of the Dungeon.
             The game lasted 00:11:12 (9177 turns).

Gargoyl the Covered (Centaur Abyssal Knight)        Turns: 9177, Time: 00:11:13

Health: -7/73      AC: 13    Str: 14    XL:     9   Next: 18%
Magic:  22/22      EV:  1    Int: 11    God:    Lugonu [***...]
Gold:   282        SH:  8    Dex: 13    Spells: 8/8 levels left

rFire    . . .     SeeInvis .   a - +1 hand axe
rCold    . . .     Gourm    .   p - +0 kite shield
rNeg     . . .     Faith    .   d - +0 plate armour
rPois    .         Spirit   .   x - +0 helmet
rElec    .         Reflect  .   A - +0 cloak {MR+}
rCorr    .         Harm     .   (no gloves)
MR       +....                  (no barding)
Stlth    ..........             (no amulet)
HPRegen  0.22/turn              f - ring of flight
MPRegen  0.18/turn              s - ring of magical power

@: very quick
A: large, hooves 3, deformed body, speed 2, tough skin 3
a: Depart the Abyss, Bend Space, Banish, Renounce Religion, Evoke Flight


You were on level 7 of the Dungeon.
You worshipped Lugonu.
Lugonu was most pleased with you.
You were not hungry.

You visited 1 branch of the dungeon, and saw 7 of its levels.
You visited the Abyss 1 time.

You collected 282 gold pieces.

Inventory:

Hand Weapons
 a - a +1 hand axe (weapon)
Missiles
 u - 4 boomerangs (quivered)
Armour
 d - a +0 plate armour (worn)
 p - a +0 kite shield (worn)
 x - a +0 helmet (worn)
 A - a +0 cloak of magic resistance (worn)
Jewellery
 f - a ring of flight (left hand)
 s - a ring of magical power (right hand)
 y - an uncursed ring of see invisible {unknown}
Wands
 q - a wand of flame (15)
 v - a wand of disintegration (5)
Scrolls
 g - 4 scrolls of teleportation
 i - a scroll of blinking
 j - 9 scrolls of remove curse
 o - 2 scrolls of identify
 w - 2 scrolls of fear {unknown}
 z - a scroll of fog
Potions
 b - 2 potions of curing
 e - a potion of might
 k - a potion of heal wounds
 l - a potion of resistance
 m - 2 potions of flight
 n - a potion of brilliance {unknown}
 r - a potion of mutation {unknown}
 t - a potion of cancellation {unknown}
Comestibles
 c - 7 rations


   Skills:
 + Level 4.8 Fighting
 + Level 5.4 Axes
 + Level 1.4 Throwing
 * Level 5.5 Armour
 * Level 3.3 Dodging
 + Level 1.9 Shields
 * Level 5.4 Invocations


You had 8 spell levels left.
You didn't know any spells.
Your spell library contained the following spells:

 Spells                   Type           Power        Failure   Level  Hunger
 Corona                   Hex            #......      100%        1    ##.....
 Slow                     Hex            #.......     100%        2    ###....
 Inner Flame              Hex/Fire       #.......     100%        3    ####...
 Portal Projectile        Hex/Tloc       #.....       100%        3    ####...
 Cause Fear               Hex            #.........   100%        4    #####..
 Leda's Liquefaction      Hex/Erth       #.........   100%        4    #####..


Dungeon Overview and Level Annotations

Branches:
Dungeon (7/15)             Temple (0/1) D:7

Altars:
Cheibriados
Hepliaklqana
Makhleb
Nemelex Xobeh
Ru
Zin

Shops:
D:4 [


Innate Abilities, Weirdness & Mutations

You have hooves in place of feet.
Armour fits poorly on your strangely shaped body.
You cover ground very quickly.
You have extremely tough skin. (AC +3)


Message History

You hit the shadow imp.
Your plate armour prevents you from hitting the orc.
You block the shadow imp's attack. The orc hits you with a +0 whip.
The orc warrior hits you with a +0 halberd.
Unknown command.
You slash the orc warrior!
The orc warrior is heavily wounded.
You closely miss the orc wizard. You hit the shadow imp. You hit the orc.
The shadow imp hits you. You block the orc wizard's attack.
The orc hits you with a +0 whip.
The orc warrior hits you with a +0 halberd!
The orc wizard hits you but does no damage.
You block the orc's attack. The shadow imp gestures at you.
You easily resist.
You see here a ring mail.
The orc warrior hits you from afar with a +0 halberd!!
* * * LOW HITPOINT WARNING * * *
The orc warrior hits you from afar with a +0 halberd!
You die...

######## #.......
#.###### #######.#
#.......# #<#######
###################
#####
.........5.@.......
...#
######..oo..######.
#####.# #...o..#
#...... #......#
#......
######......###
##.#......
...............
..........
###............
###.####.#
#............. #.#
#........[.... #.#


You could see an orc warrior, an orc wizard, a shadow imp and an orc.

Vanquished Creatures
  A hungry ghost (D:7)
  Menkaure (D:4)
  A black bear (D:7)
  An ice beast (D:5)
  2 phantoms
  3 ogres
  A centaur (D:7)
  3 bullfrogs
  A scorpion (D:4)
  2 wights
  2 howler monkeys
  2 orc priests
  Crazy Yiuf (D:6)
  4 hounds
  A gnoll shaman (D:7)
  Ijyb (D:4)
  Natasha (thrice) (D:4)
  An iguana (D:1)
  6 orc wizards
  4 worker ants
  8 gnolls
  6 adders
  2 shadow imps
  An adder zombie (D:5)
  A worm (D:4)
  2 dart slugs
  3 leopard geckos
  35 orcs
  3 ball pythons
  3 bats
  3 giant cockroaches (D:4)
  6 goblins
  3 hobgoblins (D:3)
  4 jackals (D:6)
  2 quokkas
  4 frilled lizards
  3 kobolds
  A leopard gecko skeleton (D:4)
  A quokka skeleton (D:7)
  A quokka zombie (D:5)
  7 rats
140 creatures vanquished.

Vanquished Creatures (others)
  An ice beast (D:6)
  A wight (D:6)
2 creatures vanquished.

Grand Total: 142 creatures vanquished

Notes
Turn   | Place    | Note
-------+----------+-------------------------------------------
     0 | Abyss:1  | Gargoyl the Centaur Abyssal Knight began the quest for the
                  | Orb.
     0 | Abyss:1  | Reached XP level 1. HP: 19/19 MP: 2/2
    11 | Abyss:1  | Found a corrupted altar of Lugonu.
    59 | Abyss:2  | Found a corrupted altar of Lugonu.
    76 | Abyss:2  | Noticed an apocalypse crab
    76 | D:1      | Escaped the Abyss
   422 | D:1      | Reached XP level 2. HP: 26/26 MP: 3/3
   673 | D:2      | Reached * piety under Lugonu
   961 | D:1      | Reached skill level 1 in Dodging
   961 | D:1      | Reached XP level 3. HP: 7/31 MP: 4/4
  1383 | D:2      | Found a burning altar of Makhleb.
  1813 | D:2      | Found a sparkling altar of Nemelex Xobeh.
  2066 | D:3      | Reached XP level 4. HP: 30/38 MP: 5/5
  2758 | D:4      | Found Soselezy's Antique Armour Shoppe.
  2771 | D:3      | Reached XP level 5. HP: 23/45 MP: 7/7
  3470 | D:4      | Reached XP level 6. HP: 40/52 MP: 8/8
  3688 | D:4      | Found a sacrificial altar of Ru.
  3691 | D:4      | Noticed Menkaure
  3704 | D:4      | Killed Menkaure
  4157 | D:4      | Reached ** piety under Lugonu
  4180 | D:4      | Found a hazy altar of Hepliaklqana.
  4180 | D:4      | Found a sacrificial altar of Ru.
  4201 | D:4      | Noticed Ijyb
  4215 | D:4      | Killed Ijyb
  4406 | D:4      | Noticed Natasha
  4416 | D:4      | Killed Natasha
  4542 | D:4      | Reached XP level 7. HP: 59/59 MP: 9/9
  4910 | D:4      | Noticed Natasha
  4922 | D:4      | Killed Natasha
  5400 | D:4      | Noticed Natasha
  5415 | D:4      | Killed Natasha
  5625 | D:5      | Entered Level 5 of the Dungeon
  6074 | D:5      | HP: 1/59 [something/puff of flame (11)]
  6375 | D:5      | Reached XP level 8. HP: 62/66 MP: 11/11
  6678 | D:6      | Reached *** piety under Lugonu
  6692 | D:6      | Reached skill level 1 in Shields
  6969 | D:6      | Reached skill level 1 in Throwing
  7198 | D:5      | Reached skill level 5 in Armour
  7344 | D:6      | Reached skill level 5 in Axes
  7344 | D:6      | Reached skill level 5 in Invocations
  7710 | D:6      | Found a runed translucent door.
  7711 | D:6      | Noticed Crazy Yiuf
  7926 | D:6      | Found a glowing silver altar of Zin.
  7958 | D:6      | Killed Crazy Yiuf
  8556 | D:7      | Reached XP level 9. HP: 44/72 MP: 12/12
  8734 | D:7      | Found a staircase to the Ecumenical Temple.
  8823 | D:6      | Found a snail-covered altar of Cheibriados.
  9177 | D:7      | Mangled by an orc warrior

Levels and vault maps discovered:
D:1:      lightli_arrival_noodles, layout_loops_ring, item_on_display_a
D:2:      layout_basic, lemuel_round_altar, lemuel_doored_altar, first_ration
D:3:      layout_loops_cross
D:4:      minmay_chambers_of_threes, layout_loops_cross,
          gammafunk_temple_overflow_wave, serial_shops,
          nicolae_shop_overgrown_old_shop, nicolae_ossuary_entry_monument,
          nicolae_ru_awakened_eye, uniq_ijyb, uniq_natasha, uniq_menkaure
D:5:      layout_rooms, hangedman_decor_diamond_cutter
D:6:      lemuel_upstairs_altar, layout_layer_cave, zin_scriptorium,
          minmay_misc_feat_room, uniq_crazy_yiuf_cottage
D:7:      layout_basic, minmay_temple_entry_glassed_door, grunt_ogre_cave

Skill      XL: |  1  2  3  4  5  6  7  8 |
---------------+-------------------------+-----
Axes           | 2 3 4 5 |  5.4
Dodging        | 1 2 3 |  3.3
Armour         | 2 3 4 5 |  5.5
Invocations    | 3 4 5 |  5.4
Fighting       | 4 |  4.8
Shields        | 1 |  1.9
Throwing       | 1 |  1.4

Action                   |  1- 3 |  4- 6 |  7- 9 || total
-------------------------+-------+-------+-------++-------
Melee: Hand axe          |    78 |   159 |   412 ||   649
       Kick              |    10 |    30 |   108 ||   148
Throw: Boomerang         |       |       |    27 ||    27
Invok: Depart the Abyss  |     1 |       |       ||     1
       Banish            |       |       |     2 ||     2
Evoke: Wand              |       |       |     3 ||     3
  Use: Scroll            |     5 |     1 |     5 ||    11
       Potion            |       |     3 |     1 ||     4
  Eat: Chunk             |     2 |     4 |     9 ||    15
       Ration            |       |     1 |     4 ||     5
Armor: Plate armour      |    74 |   109 |   310 ||   493
Dodge: Dodged            |     5 |     1 |     9 ||    15
Block: Kite shield       |       |    35 |   176 ||   211

Table legend:
 A = Non-vault XP
 B = Vault XP
 C = Vault XP percentage of total XP
 D = Non-vault monster count
 E = Vault monster count
 F = Vault count percentage of total count
                 A         B        C        D         E       F
            +---------+---------+-------+---------+---------+-------
      Total |    2741 |     574 |  17.3 |     132 |      10 |   7.0
            +---------+---------+-------+---------+---------+-------
        D:1 |      50 |       0 |   0.0 |      11 |       0 |   0.0
        D:2 |      44 |       0 |   0.0 |      12 |       0 |   0.0
        D:3 |     171 |       0 |   0.0 |      19 |       0 |   0.0
        D:4 |     509 |     410 |  44.6 |      24 |       8 |  25.0
        D:5 |     473 |       0 |   0.0 |      24 |       0 |   0.0
        D:6 |     844 |      42 |   4.7 |      27 |       1 |   3.6
        D:7 |     650 |     122 |  15.8 |      15 |       1 |   6.2
            +---------+---------+-------+---------+---------+-------
